 Dungeon Crawl Stone Soup version 0.22-a0-445-g8c8ef71 (webtiles) character file.

251 Firecrotchwizard the Chopper (level 5, -2/42 HPs)
             Began as a Demonspawn Gladiator on June 3, 2018.
             Slain by a scorpion (6 damage)
             ... on level 4 of the Dungeon.
             The game lasted 00:04:00 (2760 turns).

Firecrotchwizard the Chopper (Demonspawn Gladiator) Turns: 2760, Time: 00:04:01

Health: -2/42      AC: 10    Str: 15    XL:     5   Next: 88%
Magic:  5/5        EV: 10    Int:  9    God:
Gold:   210        SH:  0    Dex: 15    Spells: 4/4 levels left

rFire    . . .     SeeInvis .   a - +1 war axe
rCold    . . .     Gourm    .   (no shield)
rNeg     . . .     Faith    .   u - +0 scale mail
rPois    .         Spirit   .   s - +1 helmet
rElec    .         Reflect  .   (no cloak)
rCorr    .         Harm     .   o - +0 pair of gloves
MR       .....                  e - +0 pair of boots
Stlth    ..........             (no amulet)
HPRegen  0.14/turn              r - ring of wizardry {Wiz+, !d}
MPRegen  0.09/turn              (no ring)

@: lethally poisoned (-2 -> -5)
A: talons 1
a: no special abilities


You were on level 4 of the Dungeon.
You were not hungry.

You visited 1 branch of the dungeon, and saw 4 of its levels.

You collected 210 gold pieces.

Inventory:

Hand Weapons
 a - a +1 war axe (weapon)
Missiles
 d - 3 throwing nets {=f, !d}
 m - 7 curare-tipped needles
Armour
 e - a +0 pair of boots (worn)
   (You found it on level 2 of the Dungeon)
 k - a +0 ring mail
   (You found it on level 1 of the Dungeon)
 o - a +0 pair of gloves (worn)
   (You found it on level 3 of the Dungeon)
 s - a +1 helmet (worn)
   (You took it off Robin on level 2 of the Dungeon)
 u - a +0 scale mail (worn)
   (You found it on level 3 of the Dungeon)
Jewellery
 r - a ring of wizardry (left hand) {Wiz+, !d}
   (You found it on level 2 of the Dungeon)
Scrolls
 j - 3 scrolls of fog
 l - 3 scrolls of identify
 p - a scroll of remove curse
 t - a scroll of enchant armour {unknown}
 v - a scroll of teleportation
Potions
 b - a potion of agility {unknown}
 c - 4 potions of might
 g - a potion of degeneration {unknown}
 h - 2 potions of cancellation {unknown}
 n - a potion of flight {unknown}
 q - a potion of heal wounds {unknown}
Comestibles
 f - 7 rations {@e1}
 i - a chunk of flesh {@w0}


   Skills:
 + Level 3.8 Fighting
 * Level 5.2 Axes
 - Level 1.7 Throwing
 - Level 2.6 Dodging


You had 4 spell levels left.
You didn't know any spells.
Your spell library was empty.

Dungeon Overview and Level Annotations

Branches:
Dungeon (4/15)
 Temple: D:4-7

Altars:
Cheibriados
Gozag


Innate Abilities, Weirdness & Mutations

You have sharp toenails.


Message History

You butcher the giant cockroach corpse.
i - 2 chunks of flesh {@w0} (gained 1)
There is a stone staircase leading up here.
f - 7 rations {@e1} (gained 1)
You open the door.
There is an open door here.
You open the door.
There is an open door here.
v - a scroll of teleportation No target in view!
A kobold comes into view.
The kobold throws a stone.
The stone misses you.
A kobold is nearby!
A kobold is nearby!
A quokka comes into view.
The kobold closely misses you.
You closely miss the kobold. The kobold hits you but does no damage.
You hit the quokka. You hit the kobold.
You kill the kobold!
The quokka bites you but does no damage.
The quokka twitches its whiskers.
The quokka barely misses you.
You slash the quokka!
You kill the quokka!
There is an open door, spattered with blood here.
There is an open door here.
A bat comes into view.
The bat misses you.
Found a stone staircase leading up.
A bat is nearby!
A bat is nearby!
You hit the bat.
You kill the bat!
No target in view!
You now have 210 gold pieces (gained 18).
Done exploring.
Done exploring.
No target in view!
Done exploring.
(D) Dungeon
Where to? (Enter - D:3, ? - help)
There is an open door here.
There is an open door, spattered with blood here.
There is a stone staircase leading down here.
Some of the chunks of flesh in your inventory have rotted away.
You climb downwards.
You hear the sound of rushing water.
There is an entrance to a sewer on this level.
Hurry and find it before the portal rusts away!
A scorpion comes into view.
There is a stone staircase leading up here.
A scorpion is nearby!
A bullfrog skeleton comes into view.
The scorpion stings you.
You are poisoned.
The scorpion poisons you!
You take 4 damage, and have 38/42 hp.
You hit the scorpion but do no damage.
You feel sick.
The scorpion stings you but does no damage.
The bullfrog skeleton barely misses you.
The scorpion stings you but does no damage.
You take 2 damage, and have 36/42 hp.
You hit the scorpion but do no damage. You slash the bullfrog skeleton!
You feel sick. The bullfrog skeleton hits you. The scorpion closely misses you.
You take 3 damage, and have 33/42 hp.
You hit the bullfrog skeleton. You barely miss the scorpion.
The bullfrog skeleton hits you but does no damage.
The scorpion barely misses you. The bullfrog skeleton hits you.
You take 3 damage, and have 30/42 hp.
You completely miss the bullfrog skeleton.
You hit the scorpion.
You feel sick.
The bullfrog skeleton hits you but does no damage.
The scorpion stings you!
The bullfrog skeleton hits you but does no damage.
You take 8 damage, and have 22/42 hp.
You are too injured to fight recklessly!
You are too injured to fight recklessly!
You are too injured to fight recklessly!
You are too injured to fight recklessly!
You hit the scorpion. You slash the bullfrog skeleton!
You feel sick. The scorpion stings you. The bullfrog skeleton hits you.
The scorpion stings you.
* * * LOW HITPOINT WARNING * * *
You take 13 damage, and have 9/42 hp.
MASSIVE DAMAGE!!
You hit the scorpion but do no damage. You hit the bullfrog skeleton.
You feel sick.
The bullfrog skeleton hits you but does no damage.
The scorpion barely misses you.
The bullfrog skeleton closely misses you.
You hit the scorpion but do no damage. You hit the bullfrog skeleton.
The bullfrog skeleton hits you.
* * * LOW HITPOINT WARNING * * *
The scorpion stings you.
* * * LOW HITPOINT WARNING * * *
You take 4 damage, and have 5/42 hp.
You hit the scorpion. You slash the bullfrog skeleton!
You destroy the bullfrog skeleton!
* * * LOW HITPOINT WARNING * * *
You feel sick. The scorpion stings you.
You die...

###+######
...
.........
#..
.........
#...
#........
#.... #s...#
.....##@...#
...........#
...........#
.......<...+
###..##....#
### #....#
.......
.......#
..........


You could see a scorpion.

Vanquished Creatures
  A hound (D:3)
  A quasit (D:3)
  A bullfrog skeleton (D:4)
  Terence (D:2)
  A worker ant (D:3)
  Robin (D:2)
  2 adders (D:3)
  An ooze (D:1)
  A worm (D:1)
  A dart slug (D:1)
  A leopard gecko (D:2)
  An orc (D:3)
  13 giant cockroaches
  15 goblins
  5 hobgoblins
  2 kobolds
  3 quokkas
  2 ball pythons
  9 bats
  5 frilled lizards
  6 rats
73 creatures vanquished.

Notes
Turn   | Place    | Note
-------+----------+-------------------------------------------
     0 | D:1      | Firecrotchwizard the Demonspawn Gladiator began the quest for the Orb.
     0 | D:1      | Reached XP level 1. HP: 16/16 MP: 1/1
   143 | D:1      | Reached skill level 3 in Axes
   195 | D:1      | Gained mutation: You have sharp toenails. [demonic ancestry]
   195 | D:1      | Reached XP level 2. HP: 22/22 MP: 2/2
   708 | D:2      | Reached XP level 3. HP: 28/28 MP: 3/3
   970 | D:2      | Found a snail-covered altar of Cheibriados.
   972 | D:2      | Noticed Robin
  1268 | D:2      | Killed Robin
  1268 | D:2      | Reached skill level 4 in Axes
  1269 | D:2      | Reached XP level 4. HP: 22/34 MP: 4/4
  1463 | D:2      | Noticed Terence
  1468 | D:2      | Killed Terence
  1468 | D:2      | Reached skill level 3 in Fighting
  1572 | D:2      | Found an opulent altar of Gozag.
  2176 | D:3      | Reached XP level 5. HP: 35/41 MP: 5/5
  2246 | D:3      | Reached skill level 5 in Axes
  2757 | D:4      | HP: 9/42 [scorpion (4)]
  2760 | D:4      | HP: 4/42 [poisoned by a scorpion]
  2760 | D:4      | Slain by a scorpion

Vault maps used:
D:1:      sevenhm_arrival_forest_fort_large_1, minmay_tetromino_t4
D:2:      minmay_roachtagon, nicolae_gozag_cash_rules_everything_around_me,
          cheibriados_altar_1, uniq_robin, uniq_terence
D:3:      first_ration
D:4:      minmay_wonky_spiral, nemelex_xobeh_ov_fountains_minmay,
          gup_sewer_entry_spiral, supply_closet_lemuel, minivault_24,
          minmay_misc_feat_plants, uniq_sigmund

Skill      XL: |  1  2  3  4  5 |
---------------+----------------+-----
Axes           | 3 4 5 |  5.2
Fighting       | 3 |  3.8
Throwing       | |  1.7
Dodging        | |  2.6

Action                   |  1- 3 |  4- 6 || total
-------------------------+-------+-------++-------
Melee: War axe           |    77 |    91 ||   168
       Kick              |    15 |     4 ||    19
  Use: Scroll            |       |     8 ||     8
  Eat: Chunk             |     1 |     5 ||     6
Armor: Leather armour    |     5 |       ||     5
       Ring mail         |    28 |    41 ||    69
       Scale mail        |       |    20 ||    20
Dodge: Dodged            |    78 |    90 ||   168

Table legend:
 A = Spawn XP
 B = Non-spawn XP
 C = Spawn XP percentage of total XP
 D = Spawn monster count
 E = Non-spawn monster count
 F = Spawn count percentage of total count
 G = Total turns spent on level
                    A         B        C        D         E        F      G
               +---------+---------+-------+---------+---------+-------+---------
         Total |       0 |     359 |   0.0 |       0 |      73 |   0.0 |  2760
               +---------+---------+-------+---------+---------+-------+---------
           D:1 |       0 |      53 |   0.0 |       0 |      25 |   0.0 |   943
           D:2 |       0 |      86 |   0.0 |       0 |      23 |   0.0 |   927
           D:3 |       0 |     179 |   0.0 |       0 |      24 |   0.0 |   879
           D:4 |       0 |      41 |   0.0 |       0 |       1 |   0.0 |    11
               +---------+---------+-------+---------+---------+-------+---------

Vault maps used:
D:1:      sevenhm_arrival_forest_fort_large_1, minmay_tetromino_t4
D:2:      minmay_roachtagon, nicolae_gozag_cash_rules_everything_around_me,
          cheibriados_altar_1, uniq_robin, uniq_terence
D:3:      first_ration
D:4:      minmay_wonky_spiral, nemelex_xobeh_ov_fountains_minmay,
          gup_sewer_entry_spiral, supply_closet_lemuel, minivault_24,
          minmay_misc_feat_plants, uniq_sigmund

Table legend:
 A = Turns spent in this place as a percentage of turns spent in the entire game.
 B = Non-inter-level travel turns spent in this place as a percentage of non-inter-level travel turns spent in the entire game.
 C = Inter-level travel turns spent in this place as a percentage of turns spent in this place.
 D = Turns resting spent in this place as a percentage of non-inter-level travel turns spent in this place.
 E = Turns spent auto-exploring this place as a percentage of non-inter-level travel turns spent in this place.
 F = Non-inter-level travel turns spent in this place divided by the number of levels of this place that you've seen.
                   A       B       C       D       E      F
               +-------+-------+-------+-------+-------+----------------------
         Total | 100.0 | 100.0 |   3.8 |  13.7 |  68.9 | 664.0
       Dungeon | 100.0 | 100.0 |   3.8 |  13.7 |  68.9 | 664.0
               +-------+-------+-------+-------+-------+----------------------

Table legend:
 A = Kills in this place as a percentage of kills in entire the game.
 B = Kills by you in this place as a percentage of kills by you in the entire game.
 C = Kills by friends in this place as a percentage of kills by friends in the entire game.
 D = Other kills in this place as a percentage of other kills in the entire game.
 E = Experience gained in this place as a percentage of experience gained in the entire game.
 F = Experience gained in this place divided by the number of levels of this place that you have seen.
                   A       B       C       D       E      F
               +-------+-------+-------+-------+-------+----------------------
         Total | 100.0 | 100.0 |   N/A |   N/A | 100.0 |  89.8
       Dungeon | 100.0 | 100.0 |   N/A |   N/A | 100.0 |  89.8
               +-------+-------+-------+-------+-------+----------------------
